 Dungeon Crawl Stone Soup version 0.28.0-53-g5a82cb258f (webtiles) character file.

Game seed: 6100017098524310504

238 bnorton916 the Magician (level 5, -1/28 HPs)
             Began as a Deep Elf Fire Elementalist on June 8, 2022.
             Slain by a hobgoblin zombie (3 damage)
             ... in an ossuary.
             The game lasted 00:04:40 (4856 turns).

bnorton916 the Magician (DEFE)                      Turns: 4856, Time: 00:04:40

Health: -1/28      AC:  3    Str:  5    XL:     5   Next: 78%
Magic:  5/14       EV: 12    Int: 22    God:
Gold:   75         SH:  0    Dex: 15    Spells: 4/14 levels left

rFire   . . .      SeeInvis .   l - +2 short sword (venom)
rCold   . . .      Faith    .   (no shield)
rNeg    . . .      Spirit   .   a - +0 robe
rPois   .          Reflect  .   (no helmet)
rElec   .          Harm     .   d - +0 cloak
rCorr   .          Rampage  .   (no gloves)
Will    .....                   (no boots)
Stlth   ++........              (no amulet)
HPRegen 0.09/turn               f - ring of wizardry
MPRegen 0.14/turn               (no ring)

@: marked
A: no striking features
a: no special abilities


You were in an ossuary.
You visited 1 branch of the dungeon, and saw 4 of its levels.
You also visited: Ossuary.

You collected 75 gold pieces.

Inventory:

Hand Weapons
 l - a +2 short sword of venom (weapon)
 u - a +3 dagger
Missiles
 e - 8 poisoned darts
 g - 61 stones
Armour
 a - a +0 robe (worn)
 d - a +0 cloak (worn)
Jewellery
 f - a ring of wizardry (left hand)
 q - a ring of see invisible
Scrolls
 c - a scroll of fear
 h - a scroll of amnesia {unknown}
 j - a scroll of teleportation {unknown}
 m - a scroll of identify
 n - a scroll of brand weapon {unknown}
 o - a scroll of noise
 p - a scroll of enchant armour {unknown}
 s - a scroll of fog {unknown}
Potions
 k - a potion of might {unknown}
 r - a potion of attraction {unknown}
 t - a potion of curing {unknown}


   Skills:
 - Level 2.4 Dodging
 - Level 2.4 Stealth
 + Level 5.3 Spellcasting
 + Level 3.7 Conjurations
 + Level 4.9 Fire Magic


You had 4 spell levels left.
You knew the following spells:

 Your Spells              Type           Power      Damage    Failure   Level
a - Foxfire               Conj/Fire      96%        2x1d8     1%          1
b - Scorch                Fire           54%        2d7       1%          2
c - Conjure Flame         Conj/Fire      24%        6-21      1%          3
d - Flame Wave            Conj/Fire      24%        2d7       6%          4

Your spell library contained the following spells:

 Spells                   Type           Power      Damage    Failure   Level
 Inner Flame              Hex/Fire       16%        N/A       4%          3
 Summon Cactus Giant      Summ           2%         N/A       99%         6


Dungeon Overview and Level Annotations

Branches:
Dungeon (4/15)            Ossuary (1/1)
 Temple: D:4-7

Altars:

Shops:
D:1 *


Message History

The centaur zombie barely misses you.
The centaur zombie kicks you but does no damage.
The centaur zombie closely misses you. x2
The hobgoblin zombie misses you.
Really walk into that dispersal trap?
Okay, then.
Really walk into that dispersal trap?
You enter a dispersal trap!
The mummy blinks!
The hobgoblin zombie blinks!
The mummy blinks!
The hobgoblin zombie blinks!
The centaur zombie blinks!
The hobgoblin zombie blinks!
The centaur zombie blinks!
The hobgoblin zombie blinks! x2; The mummy blinks!
The mummy enters a dispersal trap!
The hobgoblin zombie blinks! x2
The hobgoblin zombie enters a dispersal trap!
The mummy blinks!
The centaur zombie blinks!
The hobgoblin zombie blinks! x3
The mummy blinks! x2; The hobgoblin zombie blinks! x2; You blink.
The hobgoblin zombie blinks!
The mummy blinks! x2; The centaur zombie blinks!
The hobgoblin zombie blinks!
The mummy blinks!
The centaur zombie blinks!
You blink.
The hobgoblin zombie fails to trigger a net trap.
The centaur zombie hits you.
* * * LOW HITPOINT WARNING * * *
The centaur zombie kicks you but does no damage.
Okay, then.
The hobgoblin zombie enters a dispersal trap!
The hobgoblin zombie blinks!
The centaur zombie blinks!
The mummy blinks!
The hobgoblin zombie blinks! x4
The centaur zombie fails to trigger a net trap.
The centaur zombie blinks!
The hobgoblin zombie fails to trigger a net trap.
The centaur zombie hits you.
* * * LOW HITPOINT WARNING * * *
The centaur zombie kicks you but does no damage.
The centaur zombie completely misses you. x2
The mummy closely misses you.
Found a scroll of fear and a scroll labelled WATIUM BASMUTTUHUR.
The hobgoblin zombie hits you.
* * * LOW HITPOINT WARNING * * *
Found a cyan potion and a scroll labelled LER QYKHLUARUAPIE.
The hobgoblin zombie hits you.
You die...

# ###############
??##.#.#.#.#.#.#.#######
...^..................Z.
......^.....Z......Z§..§
....^.....Z.......^§∩.∩.
..^....MZ......M.^...§.§
.......@ZZ.^.^.........§
!?##.#.#.#.#.#.#.#######
# #############


You could see a mummy, 3 hobgoblin zombies and 2 centaur zombies.

Vanquished Creatures
  A necrophage (D:3)
  A centaur zombie (Ossuary)
  2 mummies (Ossuary)
  4 adders
  2 worms (D:3)
  A dart slug (D:3)
  An orc (D:3)
  A ball python (D:1)
  4 bats
  5 endoplasms
  A giant cockroach (D:1)
  2 hobgoblins
  3 jackals (D:2)
  7 kobolds
  A quokka (D:1)
  2 frilled lizards
  9 goblins
  A hobgoblin zombie (Ossuary)
  4 rats
52 creatures vanquished.

Vanquished Creatures (others)
  278 foxfires
278 creatures vanquished.

Grand Total: 330 creatures vanquished

Notes
Turn   | Place    | Note
-------+----------+-------------------------------------------
     0 | D:1      | bnorton916 the Deep Elf Fire Elementalist began the quest
                  | for the Orb.
     0 | D:1      | Reached XP level 1. HP: 10/10 MP: 6/6
   667 | D:1      | Reached XP level 2. HP: 15/15 MP: 5/8
   830 | D:1      | Found a faded altar of an unknown god.
   838 | D:1      | Found Allael's General Store.
  1489 | D:2      | Reached XP level 3. HP: 10/19 MP: 7/10
  2651 | D:3      | Reached skill level 4 in Spellcasting
  3183 | D:3      | Reached XP level 4. HP: 21/24 MP: 8/12
  3689 | D:3      | Noticed a necrophage
  3701 | D:3      | Learned a level 2 spell: Scorch
  3705 | D:3      | Learned a level 3 spell: Conjure Flame
  3723 | D:3      | Killed a necrophage
  3724 | D:3      | Reached XP level 5. HP: 28/28 MP: 4/14
  4805 | D:4      | Learned a level 4 spell: Flame Wave
  4805 | D:4      | Found a sand-covered staircase.
  4810 | Ossuary  | Entered an ossuary
  4817 | Ossuary  | Reached skill level 5 in Spellcasting
  4856 | Ossuary  | Slain by a hobgoblin zombie

Illustrated notes

Levels and vault maps discovered:
D:1:      dpeg_arrival_stonehenge_12_columns, layout_loops_cross,
          hellmonk_ecumenical_altar_run_dry, serial_shops, shop,
          lemuel_old_faithful
D:2:      layout_loops_ring
D:3:      layout_loops_corners
D:4:      layout_loops_corners, enter_ossuary_5, serial_shops, kennysheep_mini,
          chequers_serial_rivers_micro_a, uniq_eustachio
Ossuary:  ossuary_the_hunt_dpeg

Skill      XL: |  1  2  3  4  5 |
---------------+----------------+-----
Conjurations   | 2 3 |  3.7
Spellcasting   | 4 5 |  5.3
Fire Magic     | 4 |  4.9
Dodging        | |  2.4
Stealth        | |  2.4

Action                   |  1- 3 |  4- 6 || total
-------------------------+-------+-------++-------
Melee: Short sword       |     5 |     2 ||     7
 Cast: Foxfire           |   115 |    53 ||   168
       Scorch            |       |     3 ||     3
       Conjure Flame     |       |     1 ||     1
       Flame Wave        |       |     1 ||     1
  Use: Scroll            |       |     4 ||     4
       Potion            |       |     1 ||     1
Armor: Robe              |     4 |    20 ||    24
Dodge: Dodged            |    19 |    40 ||    59
